 Dungeon Crawl Stone Soup version 0.27.1-33-g824d729ab1 (webtiles) character file.

Game seed: 168316905574701787

44 sking99 the Insei (level 3, 0/28 HPs)
             Began as a Djinni Transmuter on Dec 9, 2021.
             Slain by a hound (3 damage)
             ... on level 2 of the Dungeon.
             The game lasted 00:02:54 (2390 turns).

sking99 the Insei (Djinni Transmuter)               Turns: 2390, Time: 00:02:54

Health: 0/28       AC:  3    Str: 10    XL:     3   Next: 85%
Gold:   52         EV: 12    Int: 14    God:
                   SH:  0    Dex: 13

rFire    + + .     SeeInvis .     - Unarmed
rCold    x . .     Faith    .   (no shield)
rNeg     . . .     Spirit   .   a - +0 robe
rPois    ∞         Reflect  .   (helmet currently unavailable)
rElec    .         Harm     .   j - +0 cloak
rCorr    .         Rampage  .   (no gloves)
Will     .....                  (boots unavailable)
Stlth    +.........             (no amulet)
HPRegen  0.09/turn              (no ring)
MPRegen  0.00/turn              (no ring)

@: appendages, flying
A: horns 2, flying, sickness immunity, fire resistance 2, cold vulnerability 1,
float, innate caster, hp casting, extra vitality 1
a: End Transformation


You were on level 2 of the Dungeon.
You had temporarily grown beastly horns.
You visited 1 branch of the dungeon, and saw 2 of its levels.

You collected 52 gold pieces.

Inventory:

Armour
 a - a +0 robe (worn)
 j - a +0 cloak (worn)
Jewellery
 c - a ring of fire
Scrolls
 e - 2 scrolls of identify {unknown}
 f - a scroll of enchant armour {unknown}
 h - a scroll of amnesia {unknown}
Potions
 b - a potion of heal wounds {unknown}
 d - a potion of flight {unknown}
 g - a potion of degeneration {unknown}
 i - 2 potions of attraction {unknown}


   Skills:
 + Level 1.8 Fighting
 - Level 2.1 Dodging
 * Level 3.8 Unarmed Combat
 + Level 2.0 Spellcasting


You couldn't memorise any spells.
You knew the following spells:

 Your Spells              Type           Power      Damage    Failure   Level
a - Beastly Appendage     Tmut           14%        N/A       11%         1
b - Wereblood             Tmut           7%         N/A       16%         2
c - Spider Form           Tmut/Pois      3%         N/A       30%         3
d - Ice Form              Ice/Tmut       7%         N/A       71%         4
e - Animate Skeleton      Necr           14%        N/A       11%         1
Your spell library was empty.

Dungeon Overview and Level Annotations

Branches:
Dungeon (2/15)

Altars:

Shops:
D:1 (


Innate Abilities, Weirdness & Mutations

You have temporarily grown beastly horns.
You are flying.
You are immune to sickness and miasma.
You are immune to poison.
Your flesh is very heat resistant. (rF++)
You are vulnerable to cold. (rC-)
You float through the air rather than walking.
You learn spells naturally, not from books.
Your magical power is your life essence.
You have superior vitality. (+4 HP)


Message History

The hound bites you. x2
You closely miss the hound.
The hound is severely wounded.
The hound bites you.
You closely miss the hound.
The hound is severely wounded.
The hound bites you. The hound barely misses you.
You closely miss the hound.
The hound is severely wounded.
The hound closely misses you.
You closely miss the hound.
The hound is severely wounded.
The hound misses you.
You hit the hound but do no damage.
The hound is severely wounded.
The hound completely misses you. The hound bites you.
You barely miss the hound.
The hound is severely wounded.
The hound barely misses you.
Casting: Beastly Appendage (safe; 11% risk of failure)
Confirm with . or Enter, or press ? or * to list all spells.
You grow a pair of large bovine horns.
* * * LOW HITPOINT WARNING * * *
The hound barely misses you. The hound closely misses you.
You hit the hound.
The hound is almost dead.
The hound closely misses you.
You closely miss the hound.
The hound is almost dead.
The hound bites you.
* * * LOW HITPOINT WARNING * * *
The hound misses you.
Unknown command.
You hit the hound but do no damage.
The hound is almost dead.
The hound misses you.
You barely miss the hound.
The hound is almost dead.
The hound bites you.
You die...

##.#......#
#.#......#
#........#
###.....## ###
#.....# #.# #####.#
#.# #.# #####.###
#.# #...h@..# #.#
#.#.....#### #.#
#........# #.#
#.#.#.##.#######.#
.....#............#
###.######.#########
#. #.# # ..# ####


You could see a hound.

Vanquished Creatures
  An adder (D:2)
  4 endoplasms
  4 goblins
  3 hobgoblins (D:1)
  8 jackals
  3 ball pythons
  3 frilled lizards (D:2)
  2 kobolds
  3 rats
31 creatures vanquished.

Vanquished Creatures (others)
  4 plants (D:2)
4 creatures vanquished.

Grand Total: 35 creatures vanquished

Notes
Turn   | Place    | Note
-------+----------+-------------------------------------------
     0 | D:1      | sking99 the Djinni Transmuter began the quest for the Orb.
     0 | D:1      | Reached XP level 1. HP: 17/17 MP: 0/0
   372 | D:1      | Reached XP level 2. HP: 21/22 MP: 0/0
   393 | D:1      | Found Hamneuc's Antique Weapon Shoppe.
  1464 | D:2      | Reached XP level 3. HP: 6/27 MP: 0/0
  1464 | D:2      | Learned a level 1 spell: Animate Skeleton
  1976 | D:2      | Found a faded altar of an unknown god.
  2390 | D:2      | Slain by a hound

Illustrated notes

Levels and vault maps discovered:
D:1:      dpeg_arrival_connections, layout_basic, serial_shops,
          nicolae_shop_overgrown_old_shop, chequers_serial_rivers_large_b,
          minmay_pentomino_r2
D:2:      layout_loops_corners, ebering_ecumenical_altar_hall,
          minmay_lizard_king

Skill      XL: |  1  2  3 |
---------------+----------+-----
Spellcasting   | 2 |  2.0
Fighting       | |  1.8
Dodging        | |  2.1
Unarmed Combat | |  3.8

Action                   || total
-------------------------++-------
Melee: Unarmed           ||   127
       Headbutt          ||    12
       Punch             ||     2
 Cast: Beastly Appendage ||    21
 Stab: Sleeping          ||     2
Armor: Robe              ||    27
Dodge: Dodged            ||    77
